 Dungeon Crawl Stone Soup version 0.29-a0-322-g68df515428 (webtiles) character file.

Game seed: 17677517472009636345

16 kae the Firebug (level 2, 0/16 HPs)
             Began as a Tengu Fire Elementalist on Apr 7, 2022.
             Frozen to death by an endoplasm (1 damage)
             ... on level 1 of the Dungeon.
             The game lasted 00:00:16 (785 turns).

kae the Firebug (Tengu Fire Elementalist)            Turns: 785, Time: 00:00:16

Health: 0/16       AC:  2    Str:  8    XL:     2   Next: 58%
Magic:  2/6        EV: 12    Int: 15    God:
Gold:   17         SH:  0    Dex: 14    Spells: 4/5 levels left

rFire   . . .      SeeInvis .   (no weapon)
rCold   . . .      Faith    .   (no shield)
rNeg    . . .      Spirit   .   a - +0 robe
rPois   .          Reflect  .   (helmet restricted)
rElec   .          Harm     .   (no cloak)
rCorr   .          Rampage  .   (no gloves)
Will    .....                   (boots unavailable)
Stlth   ++........              (no amulet)
HPRegen 0.05/turn               (no ring)
MPRegen 0.10/turn               (no ring)

@: no status effects
A: beak, talons 3
a: no special abilities


You were on level 1 of the Dungeon.
You visited 1 branch of the dungeon, and saw 1 of its levels.

You collected 17 gold pieces.

Inventory:

Armour
 a - a +0 robe (worn)
Scrolls
 d - a scroll of blinking
Potions
 b - a potion of magic
 e - a potion of curing {unknown}
 f - a potion of cancellation {unknown}
 g - a potion of flight {unknown}


   Skills:
 + Level 0.5 Fighting
 + Level 0.5 Armour
 + Level 2.3 Dodging
 - Level 2.0 Stealth
 + Level 2.1 Spellcasting
 + Level 1.7 Conjurations
 * Level 3.6 Fire Magic


You had 4 spell levels left.
You knew the following spells:

 Your Spells              Type           Power      Damage    Failure   Level
a - Foxfire               Conj/Fire      36%        2x1d5     8%          1

Your spell library contained the following spells:

 Spells                   Type           Power      Damage    Failure   Level
 Scorch                   Fire           24%        2d6       8%          2
 Conjure Flame            Conj/Fire      9%         6-21      22%         3
 Inner Flame              Hex/Fire       7%         N/A       30%         3
 Ensorcelled Hibernation  Hex/Ice        2%         N/A       32%         2
 Passwall                 Tmut/Erth      0%         N/A       32%         2
 Swiftness                Air            1%         N/A       54%         3
 Flame Wave               Conj/Fire      9%         2d5       58%         4


Dungeon Overview and Level Annotations

Branches:
Dungeon (1/15)

Altars:


Innate Abilities, Weirdness & Mutations

You have a beak for a mouth.
You have claws for feet.


Message History

The jackal bites you. x2
The kobold hits you with a +0 short sword.
You hit the jackal but do no damage. You punch the jackal, but do no damage.
The jackal is severely wounded.
The jackal closely misses you. The jackal bites you.
The kobold hits you with a +0 short sword.
There are monsters nearby!
Casting: Foxfire (safe; 8% risk of failure)
Confirm with . or Enter, or press ? or * to list all spells.
You conjure some foxfire!
The jackal bites you. The kobold barely misses you.
The foxfire hits the kobold but does no damage.
The jackal bites you.
* * * LOW HITPOINT WARNING * * *
The jackal barely misses you.
The kobold hits you with a +0 short sword.
* * * LOW HITPOINT WARNING * * *
There are monsters nearby!
You are too injured to fight recklessly!
You are too injured to fight recklessly!
Casting: Foxfire (safe; 8% risk of failure)
Confirm with . or Enter, or press ? or * to list all spells.
You conjure some foxfire!
A jackal comes into view.
The jackal misses you. x2
The jackal bites you but does no damage.
The jackal closely misses you.
The foxfire hits the endoplasm.
The endoplasm is almost dead.
The kobold barely misses you.
The jackal bites you but does no damage.
The jackal barely misses you. The kobold misses you.
There are monsters nearby!
Unknown command.
Okay, then.
As you read the scroll labelled GULLIL PUCKUZE, it crumbles to dust.
It is a scroll of identify.
d - a scroll of blinking The jackal misses you.
The jackal barely misses you. The endoplasm freezes you.
You are frozen.
You die...

########
##############......####
................hS>.....
##############.#JK...##
### #.#@#...# ..#
#.#hh...# ..#
#.#g......# ..#
#.#.....#.# ..#
#.#h.#..# # ..#
#.#.....# ..# #... ..
..##### ####.... ......#


You could see an endoplasm, 4 jackals, a goblin, a ball python and a kobold.

Vanquished Creatures
  A dart slug (D:1)
  3 endoplasms (D:1)
  A giant cockroach (D:1)
  2 hobgoblins (D:1)
  3 kobolds (D:1)
  A ball python (D:1)
  A bat (D:1)
  A goblin (D:1)
13 creatures vanquished.

Vanquished Creatures (others)
  42 foxfires (D:1)
42 creatures vanquished.

Grand Total: 55 creatures vanquished

Notes
Turn   | Place    | Note
-------+----------+-------------------------------------------
     0 | D:1      | kae the Tengu Fire Elementalist began the quest for the
                  | Orb.
     0 | D:1      | Reached XP level 1. HP: 10/10 MP: 4/4
   315 | D:1      | Reached XP level 2. HP: 10/16 MP: 0/6
   785 | D:1      | Frozen to death by an endoplasm

Illustrated notes

Levels and vault maps discovered:
D:1:      erik_arrival_triangle_small, layout_basic,
          ebering_ecumenical_altar_hall, hangedman_feature_mirror

Action                   || total
-------------------------++-------
Melee: Unarmed           ||    21
       Kick              ||     6
       Punch             ||     1
 Cast: Foxfire           ||    30
  Use: Scroll            ||     1
Armor: Robe              ||     7
Dodge: Dodged            ||    35

Table legend: (Time is in decaauts)
 A = Elapsed time spent in this place.
 B = Non-inter-level travel time spent in this place.
 C = Inter-level travel time spent in this place.
 D = Time resting spent in this place.
 E = Time spent auto-exploring this place.
 F = Levels seen in this place.
 G = Mean time per level.
                   A        B        C        D        E       F      G
               +--------+--------+--------+--------+--------+-----+--------+
         Total |    785 |    785 |      0 |      0 |    662 |   1 |  785.0 |
       Dungeon |    785 |    785 |      0 |      0 |    662 |   1 |  785.0 |
               +--------+--------+--------+--------+--------+-----+--------+

Top non-repeatable levels by time:
     D:1: 785 daAuts
